Cogmind - Beta 14 --- EXPLORER MODE // 2024.08.26 @ 18:09:38 Player: Cwaftwer Result: Self-destructed Performance ------------- Evolutions (1) 500 Regions Visited (3) 600 Robots Destroyed (1) 5 Value Destroyed (30) 30 Prototype IDs (4) 80 Alien Tech Used (0) 0 Bonus (0) 0 TOTAL SCORE: 1215 Bonus ------- None Cogmind --------- Core Integrity 331/400 Matter 207/300 Energy 97/100 System Corruption 0% Temperature Cool (9) Movement Core (50) Location -9/Storage Parts ------- > --- POWER (1) -------- (None) > --- PROPULSION (4) --- (None) > --- UTILITY (3) ------ Signal Interpreter Propulsion Shielding > --- WEAPON (2) ------- Hammer > --- INVENTORY (5) ---- Mini Grenade Launcher Mini Grenade Launcher Datajack Peak State ------------ > --- POWER ------------ (None) > --- PROPULSION ------- (None) > --- UTILITY ---------- Signal Interpreter Propulsion Shielding > --- WEAPON ----------- Assault Rifle Hammer > --- INVENTORY -------- Mini Grenade Launcher Mini Grenade Launcher Datajack [Rating: 4] Favorites ----------- Power None Propulsion None Utility Propulsion Shielding Processor Signal Interpreter Protection Propulsion Shielding Weapon Assault Rifle Ballistic Gun Assault Rifle Impact Weapon Hammer Build | -11 -10 -9 -9 ------- Run | Yrd Mat Mat Sto Slots Evolved 3 | . 1 2 . Power . | . . . . Propulsion 2 | . 1 1 . Utility 1 | . . 1 . Weapon . | . . . . Parts Attached 5 | . 3 . 2 Power . | . . . . Engine . | . . . . Core . | . . . . Reactor . | . . . . Propulsion . | . . . . Treads . | . . . . Leg . | . . . . Wheel . | . . . . Hover . | . . . . Flight . | . . . . Utility 2 | . 2 . . Device . | . . . . Storage . | . . . . Processor 1 | . 1 . . Hackware . | . . . . Protection 1 | . 1 . . Artifact . | . . . . Weapon 3 | . 1 . 2 Energy Gun . | . . . . Energy Cannon . | . . . . Ballistic Gun 1 | . 1 . . Ballistic Cannon . | . . . . Launcher . | . . . . Special Weapon . | . . . . Impact Weapon 2 | . . . 2 Slashing Weapon . | . . . . Piercing Weapon . | . . . . Special Melee Weapon . | . . . . Unidentified Prototypes . | . . . . Parts Lost 1 | . . . 1 Power . | . . . . Propulsion . | . . . . Utility . | . . . . Weapon 1 | . . . 1 Highest Loss Streak 1 | . . . 1 To Critical Strikes . | . . . . Average Slot Usage (%) 25 | . 21 30 32 Processor 6 | . 3 10 10 Protection 8 | . 8 10 10 Ballistic Gun 8 | . 8 10 10 Peak Build Rating 4 | . 3 3 4 Average Rating 2 | . 1 3 3 On Entrance 1 | . . 3 3 Naked Turns 43 | . 43 . . Heaviest Build 5 | . 3 3 5 Greatest Support 3 | 3 3 3 3 Greatest Overweight (x) 1 | . . . 1 Average Overweight (x) . | . . . . Largest Inventory Capacity 5 | 5 5 5 5 Average Capacity 5 | 5 5 5 5 Most Carried 4 | 1 4 2 4 Average Carried 2 | . 1 2 3 Final Capacity 5 | 5 5 5 5 Final Carried 3 | 1 2 2 3 Class Distribution -------------------- 100% | Hacker-Mutant Dominant Class ---------------- Hacker-Mutant | -10/Materials Hacker-Mutant | -9/Materials Hacker-Mutant | -9/Storage Resources | -11 -10 -9 -9 ----------- Run | Yrd Mat Mat Sto Matter Collected 154 | 139 15 . . Remotely . | . . . . Salvage Created 15 | . 15 . . Parts . | . . . . Haulers Intercepted . | . . . . Recyclers Shooed . | . . . . Parts Field Recycled . | . . . . Retrieved Matter . | . . . . Parts Self-Destructed . | . . . . Prevented . | . . . . Kills | -11 -10 -9 -9 ------- Run | Yrd Mat Mat Sto Combat Hostiles Destroyed 1 | . 1 . . Guns 1 | . 1 . . Classes Destroyed 1 | . 1 . . Swarmer 1 | . 1 . . Best Kill Streak 1 | . 1 . . Combat Bots Only 1 | . 1 . . Max Kills in Single Turn 1 | . 1 . . Gunslinging . | . . . . Exploded . | . . . . Melee . | . . . . Uniques/NPCs Destroyed . | . . . . Combat | -11 -10 -9 -9 -------- Run | Yrd Mat Mat Sto Hostile Shots Fired 65 | . 37 17 11 Missed 24 | . 14 7 3 Damage Taken 263 | . 109 44 110 Core 137 | . 68 16 53 Absorbed by Shields . | . . . . Ignored by Resistances 176 | . 80 33 63 Core Remaining (%) 86 | 100 72 . . Volleys Fired 4 | . 1 2 1 Largest 1 | . 1 1 1 Hottest 20 | . 20 20 20 Shots Fired 4 | . 1 2 1 Gun 4 | . 1 2 1 Cannon . | . . . . Launcher . | . . . . Special . | . . . . Kinetic 4 | . 1 2 1 Thermal . | . . . . Explosive . | . . . . Electromagnetic . | . . . . Robot Hit Streak 1 | . . 1 1 Robot Miss Streak 1 | . . 1 . Penetration Max . | . . . . Secondary Targets . | . . . . Shots Hit Robots 2 | . . 1 1 Core Hits 2 | . 1 . 1 Critical Kills . | . . . . Critical Parts Destroyed . | . . . . Critical Strikes . | . . . . Melee Attacks 3 | . . . 3 Impact 3 | . . . 3 Slashing . | . . . . Piercing . | . . . . Sneak Attacks . | . . . . Combat Hostiles . | . . . . Follow-up Attacks . | . . . . Damage Inflicted 46 | . 24 10 12 Guns 34 | . 12 10 12 Cannons . | . . . . Explosions . | . . . . Melee . | . . . . Ramming 12 | . 12 . . Kinetic 34 | . 12 10 12 Thermal . | . . . . Explosive . | . . . . Electromagnetic . | . . . . Impact . | . . . . Slashing . | . . . . Piercing . | . . . . Highest Corruption . | . . . . Average Corruption . | . . . . Corruption Purged . | . . . . Corruption Blocked . | . . . . Overload Shots . | . . . . Overflow Damage . | . . . . Projectiles . | . . . . Explosions . | . . . . Melee . | . . . . Knockbacks . | . . . . Impact . | . . . . Kinetic . | . . . . Secondary . | . . . . Self-Inflicted Damage 6 | . 6 . . Shots . | . . . . Rammed 2 | . 2 . . Targets Rammed 2 | . 2 . . Kicked . | . . . . Crushed . | . . . . Highest Temperature . | . . . . Average Temperature . | . . . . Received Heat Transfer 33 | . 6 . 27 Siege Activations . | . . . . Robots Corrupted . | . . . . Combat Hostiles . | . . . . Parts Fried . | . . . . Impact Corruptions . | . . . . Robots Melted . | . . . . Combat Hostiles . | . . . . Parts Melted . | . . . . Heat Transferred . | . . . . Parts Sabotaged . | . . . . Parts Stolen . | . . . . Parts Stripped . | . . . . Power Chain Reactions . | . . . . Alert | -11 -10 -9 -9 ------- Run | Yrd Mat Mat Sto Peak Influence 73 | . 65 19 73 Initial 19 | . . 19 5 Average 25 | . 28 19 24 Maximum Alert Level . | . . . . Low Security (%) 100 | 100 100 100 100 Level 1 . | . . . . Level 2 . | . . . . Level 3 . | . . . . Level 4 . | . . . . Level 5 . | . . . . High Security . | . . . . Max Security . | . . . . Squads Dispatched 1 | . . . 1 Investigation . | . . . . Extermination . | . . . . Reinforcement 1 | . . . 1 Assault . | . . . . Garrison . | . . . . Intercept . | . . . . Searches Triggered . | . . . . Construction Impeded . | . . . . Haulers Reinforced . | . . . . Active Scanning Responses . | . . . . Cargo Convoy Interrupts . | . . . . Stealth | -11 -10 -9 -9 --------- Run | Yrd Mat Mat Sto Distress Signals . | . . . . Communications Jammed . | . . . . Distress Signals . | . . . . Times Spotted 18 | . 8 5 5 Peak Tracking Total 6 | . 6 5 3 Tactical Retreats 2 | . 1 . 1 Traps | -11 -10 -9 -9 ------- Run | Yrd Mat Mat Sto Traps Triggered 1 | . . . 1 Indirectly . | . . . . Trap Hack Attempts . | . . . . Triggered . | . . . . Disarmed . | . . . . Reprogrammed . | . . . . Reused . | . . . . Traps Extracted . | . . . . Installed . | . . . . Triggered . | . . . . Machines | -11 -10 -9 -9 ---------- Run | Yrd Mat Mat Sto Machines Disabled 2 | . . . 2 Max in Single Turn 1 | . . . 1 Machines Repaired . | . . . . Machines Dismantled . | . . . . Machines Sabotaged . | . . . . Overloaded Fab Kills . | . . . . Hacking | -11 -10 -9 -9 --------- Run | Yrd Mat Mat Sto Machines Accessed 8 | . 4 . 4 Terminals 8 | . 4 . 4 Fabricators . | . . . . Repair Stations . | . . . . Recycling Units . | . . . . Scanalyzers . | . . . . Garrison Access . | . . . . Total Hacks 20 | . 7 . 13 Successful 13 | . 5 . 8 Failed 7 | . 2 . 5 Catastrophic . | . . . . Database Lockouts . | . . . . Manual . | . . . . Terminals 20 | . 7 . 13 Fabricators . | . . . . Repair Stations . | . . . . Recycling Units . | . . . . Scanalyzers . | . . . . Garrison Access . | . . . . Terminal Hacks 13 | . 5 . 8 Part Schematic 2 | . . . 2 Prototype ID Bank 2 | . 2 . . Open Door 2 | . . . 2 Emergency Access Points 1 | . . . 1 Alert Level 1 | . . . 1 Dispatch Records 1 | . . . 1 Registered Prototypes 1 | . 1 . . Zone Layout 3 | . 2 . 1 Fabricator Hacks . | . . . . Repair Station Hacks . | . . . . Recycling Unit Hacks . | . . . . Scanalyzer . | . . . . Garrison Access Hacks . | . . . . Unauthorized Hacks . | . . . . Terminals . | . . . . Fabricators . | . . . . Repair Stations . | . . . . Recycling Units . | . . . . Scanalyzers . | . . . . Garrison Access . | . . . . Data Cores Recovered . | . . . . Used . | . . . . Hacking Detections 4 | . 2 . 2 Full Trace Events 1 | . . . 1 Feedback Events . | . . . . Feedback Blocked . | . . . . Robot Schematics Acquired . | . . . . Robots Built . | . . . . Authchips . | . . . . Time . | . . . . Total Robot Build Rating . | . . . . Part Schematics Acquired 2 | . . . 2 Parts Built . | . . . . Authchips . | . . . . Time . | . . . . Total Part Build Rating . | . . . . Parts Repaired . | . . . . Time . | . . . . Parts Recycled . | . . . . Recycled Matter . | . . . . Retrieved Matter . | . . . . Retrieved Components . | . . . . Parts Scanalyzed . | . . . . Part Schematics Acquired . | . . . . Parts Damaged . | . . . . Bothacking | -11 -10 -9 -9 ------------ Run | Yrd Mat Mat Sto Used RIF Installer . | . . . . Robots Hacked . | . . . . Non-combat . | . . . . Combat . | . . . . Robot Hacks Applied . | . . . . Relay Couplers Released . | . . . . Fabnet Peak Effective % . | . . . . Robots Rewired . | . . . . Allies Hacked . | . . . . Hacks Repelled . | . . . . Allies | -11 -10 -9 -9 -------- Run | Yrd Mat Mat Sto Total Allies . | . . . . Largest Group . | . . . . Highest-Rated Group . | . . . . Highest-Rated Ally . | . . . . Total Orders . | . . . . Ally Attacks . | . . . . Total Damage . | . . . . Kills . | . . . . Allies Corrupted . | . . . . Allies Melted . | . . . . Intel | -11 -10 -9 -9 ------- Run | Yrd Mat Mat Sto Robot Analysis Total . | . . . . Derelict Logs Recovered . | . . . . Drone Launches . | . . . . Drone Recoveries . | . . . . Exploration | -11 -10 -9 -9 ------------- Run | Yrd Mat Mat Sto Turns Passed 219 | 11 132 14 62 Spaces Moved 368 | 21 234 21 92 Core 368 | 21 234 21 92 Treads . | . . . . Legs . | . . . . Wheels . | . . . . Hover . | . . . . Flight . | . . . . Fastest Speed 50 | 50 50 50 50 Average Speed 50 | 50 50 50 51 Slowest Speed 100 | 50 50 50 100 Overloaded Moves . | . . . . Propulsion Burnouts . | . . . . Robots Hopped . | . . . . Cave-ins Triggered . | . . . . Exploration Rate (%) 23 | 3 60 5 25 Regions Visited 3 Branch Regions 1 Pre-discovered Areas . | . . . . Known Exits Taken 3 | 1 1 1 . Unknown Exits Taken . | . . . . Scrap Searched . | . . . . Spaces Dug . | . . . . Terrain Destroyed . | . . . . Melee . | . . . . Projectile . | . . . . AOE . | . . . . Terrain Rammed . | . . . . Walls Destroyed . | . . . . Machines Disabled . | . . . . Actions | -11 -10 -9 -9 --------- Run | Yrd Mat Mat Sto Total 391 | 21 247 22 101 Wait 4 | . 4 . . Move 365 | 20 233 20 92 Hop . | . . . . Pick Up 7 | 1 4 . 2 Fast Attach . | . . . . Attach 5 | . 3 . 2 Detach 1 | . . . 1 Swap . | . . . . Drop . | . . . . Fire 4 | . 1 2 1 Melee 3 | . . . 3 Ram 2 | . 2 . . Kick . | . . . . Crush . | . . . . Escape Stasis . | . . . . Rewire . | . . . . Trap . | . . . . Miscellaneous . | . . . . Route ------- -11/Scrapyard -10/Materials (discovered 2 exits: *Mat / *Min) -9/Materials -9/Storage History --------- Turn | Location | Event 2 | -11/Scrapyard | Met Revision 17 3 | -11/Scrapyard | Identified exit to Materials 3 | -11/Scrapyard | Discovered exit to Materials (range 15) 12 | -11/Scrapyard | Entered Materials 12 | -10/Materials | Evolved 1 slot: Propulsion x1 89 | -10/Materials | Identified exit to Mines 89 | -10/Materials | Discovered exit to Mines (range 16) 137 | -10/Materials | Identified exit to Materials 137 | -10/Materials | Discovered exit to Materials (range 15) 144 | -10/Materials | Entered another Materials area 144 | -9/Materials | Evolved 2 slots: Propulsion x1, Utility x1 148 | -9/Materials | Identified exit to Storage 148 | -9/Materials | Discovered exit to Storage (range 11) 158 | -9/Materials | Entered Storage 220 | -9/Storage | Self-destructed Last Messages --------------- >>Enumerate(Squads) Retrieving dispatch records... Found 23 active squads: 13x Security 2x Surveillance 2x Patrol 6x Transport >>Alert(Check) Current Alert Level: Low Security ALERT: Hostiles spotted, dispatching reinforcements to Terminal S016. K-01 Serf cleans the Storage Shell. Storage Shell breached. Connecting with Door Terminal... >>Open(Door) Sealed Heavy Doors opened. Storage Shell breached. C-30 ARC bursts open, deploying its payload. B-36 Bruiser unfolds itself. Assault Rifle destroyed. Map ----- +----------------------------------------------------+ | ???????#############+#/### #????? | | ????? # """ """ ##???? | | ????? + """ """ #???? | | ????? # """ """ ##???? | | ??????####+#########+###/# #????? | | ???????????????# # #????? | | ???????????????# """" ####"T"####????? | | ???????????????# "*[ #??#"""#???????? | | ???????????????# "[[" #??#####???????? | | ???????????????# "][" #??????????????? | | ???????????????# "* " #??????????????? | | ???????????????# """" #??????????????? | | ???????????????# #??????????????? | | ???????????????###+####+##??????????????? | | ?????????????????# #??# #???????????????? | | ?????????????????# #??# #???????????????? | | ?????????????????# #??# #???????????????? | | ?????????????????# #??# #???????????????? | | ?????????????????# #?## #######?????????? | | ?????????????????# ### #T####?????????? | | ?????????????????# + ]##?????????? | | ?????????????????# ### Y ######?????????? | | ?????????????????????##/#######?????????? | | ?????????????????????# bg #????????? | | ?????????????????????# """ #????????? | | ?????????????????????# "@!"????????????? | | ?????????????????????# "%%"????????????? | | ?????????????????????+ "!]"????????????? | | ?????????????????????# "[]"????????????? | | ?????????????????????# """"????????????? | | ?????????????????????# ???????????????? | | ?????????????????????####???????????????? | | ????????????????????????????????????????? | | ????????????????????????????????????????? | | ????????????????????????????????????????? | | ????????????????????????????????????????? | | ????????????????????????????????????????? | | ????????????????????????????????????????? | | ????????????????????????????????????????? | | ????????????????????????????????????????? | | ????????????????????????????????????????? | | ????????????????????????????????????????? | | ????????????????????????????????????????? | | ????????????????????????????????????????? | | ????????????????????????????????????????? | | ????????????????????????????????????????? | | | | | | | | | +----------------------------------------------------+ Best States ------------- Heat Dissipation 28 Energy Generation 5 Energy Capacity 100 Matter Stores 249 Matter Capacity 300 Sight Range 16 Terrain Scan Density 10 Resistance: KI 35 Resistance: TH 35 Resistance: EX 35 Resistance: EM 35 Resistance: I 35 Resistance: S 35 Resistance: P 35 Propulsion Shielding 33 Evasion (%) 50 Offensive Hacking 20 Item Schematics ----------------- Lgt. Deuterium Engine | -9/Storage | Hacked Recoil Stabilizer | -9/Storage | Hacked Robot Schematics ------------------ None Fabricated ------------ Nothing Alien Tech Used ----------------- None Achievements -------------- None Challenges ------------ None Game ------ Seed NavigationScatterMeganuke Manual? 0 Play Time 00:06:59 Cumulative 84.2 hours Start 2024.08.26 @ 18:04:22 End 2024.08.26 @ 18:09:38 Sessions 1 Manual Loads 0 Difficulty Explorer Special Mode None Game No. 88 Rogue 77 Adventurer 1 Explorer 10 Win Type - Total 8 Types 6/0/0/2/0/0/0/0/0 Lore% 45 Gallery% 55 Achievement% 53 Wizard Run 0 Options --------- Layout 1 ASCII 0 Keyboard 0 Movement Mouse Keybinds 0 Fullscreen 1 Font 24/Smallcaps Map View 50x40 Zoom Use 0% Tactical HUD 0 Map Filters NONE Filters NONE Steam 1 RUN: c2b8150e-bc5f-43f3-ba07-aa5b10027dad